Map: Orbital Shipyard

Players

Tilko - Winner!

  • Race: Zerg Zerg
  • League: Platinum

Rune

  • Race: Zerg Zerg
  • League: Platinum

Event: Lycan League Weekly August #3

VOD

Have the link to the VOD?

Description

Time

  • Played on: Aug. 17, 2015, 12:14 p.m.
  • Length: 8:22
Show
View Real Time Build Order
Export as new Build Order

Tilko Zerg - Winner!

Build Orders: Hatch First 

Get SALT Encoding   

  12  0:01  Drone  
  13  0:13  Overlord  
  13  0:20  Drone  
  14  0:25  Drone, Extractor  
  15  0:34  Drone  
  16  0:37  Drone  
  17  0:46  Drone  
  18  0:58  Hatchery  
  18  1:00  Drone  
  18  1:08  Drone  
  19  1:16  Spawning Pool  
  18  1:22  Drone  
  18  1:25  Extractor  
  18  1:30  Drone  
  19  1:40  Drone  
  20  1:50  Drone  
  21  2:01  Overlord  
  21  2:09  Queen x2  
  21  2:15  Zergling x4  
  27  2:35  Zergling x8  
  31  2:49  Zergling x4  
  33  2:54  Overlord  
  33  3:06  Overlord  
  33  3:11  Metabolic Boost  
  33  3:16  Overlord x2  
  33  3:17  Zergling x2  
  33  3:18  Zergling x4  
  36  3:32  Zergling x14  
  43  3:46  Overlord, Zergling x2  
  44  3:57  Zergling x16  
  52  4:05  Zergling x4  
  54  4:12  Zergling x2  
  55  4:23  Zergling x18  
  64  4:26  Overlord  
  64  4:30  Zergling x2  
  61  4:39  Zergling x2  
  62  4:54  Zergling x2  
  62  4:55  Zergling x18  
  71  5:01  Overlord  
  71  5:06  Zergling x2  
  72  5:11  Zergling x2  
  71  5:29  Drone x3  
  74  5:44  Zergling x14  
  81  5:52  Zergling x2  
  73  5:59  Zergling x16  
  73  6:00  Zergling x2  
  76  6:13  Zergling x4  
  76  6:20  Zergling x4  
  68  6:30  Zergling x18  
  69  6:36  Zergling x2  
  63  6:42  Zergling x2  
  63  6:43  Zergling x2  
  52  6:55  Zergling x4  
  51  7:02  Drone x3  
  51  7:03  Zergling x2  
  51  7:04  Baneling Nest, Zergling x8  
  58  7:14  Zergling x4  
  56  7:18  Zergling x2  
  56  7:22  Zergling x2  
  46  7:32  Zergling x10  
  46  7:33  Zergling x2  
  52  7:39  Zergling x6  
  52  7:42  Zergling x2  
  52  7:43  Zergling x2  
  55  7:48  Baneling  
  55  7:49  Baneling x4  
  52  7:54  Zergling x4  
  54  8:03  Zergling x2  
  54  8:04  Zergling x8  
Show
View Real Time Build Order
Export as new Build Order

Rune Zerg 

Build Orders: Hatch First 

Get SALT Encoding   

  12  0:00  Drone  
  13  0:13  Overlord  
  13  0:17  Drone  
  14  0:31  Drone x2  
  14  0:35  Drone  
  17  0:55  Hatchery  
  16  0:58  Drone  
  17  1:08  Drone  
  17  1:10  Extractor  
  17  1:15  Spawning Pool  
  16  1:20  Drone  
  17  1:29  Drone  
  18  1:44  Drone  
  19  1:51  Overlord  
  19  2:01  Queen  
  19  2:03  Zergling x2  
  19  2:07  Queen  
  24  2:10  Roach Warren  
  24  2:13  Drone x2  
  25  2:18  Drone  
  25  2:22  Drone  
  27  2:31  Drone  
  27  2:35  Drone  
  29  2:37  Queen  
  29  2:41  Overlord  
  31  2:47  Overlord  
  31  2:51  Roach  
  31  2:55  Roach  
  35  3:01  Roach  
  36  3:08  Roach  
  36  3:11  Roach x2  
  42  3:18  Drone x4  
  46  3:23  Roach  
  48  3:30  Drone x3  
  48  3:31  Drone  
  52  3:35  Overlord  
  52  3:51  Evolution Chamber  
  52  3:52  Overlord  
  52  3:53  Evolution Chamber  
  50  4:04  Roach  
  50  4:05  Roach x4  
  60  4:13  Drone x4  
  64  4:18  Zerg Missile Weapons Level 1  
  64  4:19  Drone x3  
  64  4:20  Drone  
  68  4:28  Spine Crawler  
  68  4:29  Drone  
  66  4:42  Extractor x2  
  66  4:43  Queen  
  66  4:44  Queen  
  68  4:48  Overlord x3  
  68  4:57  Zerg Ground Armor Level 1  
  68  5:10  Drone  
  68  5:14  Overlord x3  
  69  5:17  Drone  
  69  5:18  Drone x4, Extractor  
  73  5:21  Lair  
  73  5:45  Drone x3  
  73  5:49  Drone  
  77  5:53  Roach x2  
  77  5:54  Roach x7  
  87  6:00  Roach x2  
  77  6:05  Roach x2  
  75  6:16  Roach x2  
  77  6:23  Roach x4  
  74  6:29  Roach  
  60  6:36  Roach  
  25  6:53  Drone  
  26  7:02  Drone  
  27  7:13  Drone  
  22  7:25  Drone  
  23  7:47  Drone  
  23  7:48  Drone x3  
  27  7:58  Drone  
  27  7:59  Drone  

Tags
 
Add a new tag
Caveats
  • Supply blocks, unpowered buildings, or Contaminate may cause inaccurate times.
  • Supply counts are checked every 10 seconds.